Map: Abyssal Reef LE

Players

herO

  • Race: Protoss Protoss
  • League: Master
  • Spawn Location: 11:00

TYTY - Winner!

  • Race: Terran Terran
  • Spawn Location: 5:00

VOD

Have the link to the VOD?

Description

Time

  • Played on: July 29, 2017, 9:34 p.m.
  • Length: 20:57
Show
View Real Time Build Order
Export as new Build Order

herO Protoss 

Build Orders: 1 Gate Expand, Oracle Opening, Phoenix Opening 

Get SALT Encoding   

  12  0:00  Probe (Chrono Boost)  
  13  0:11  Probe (Chrono Boost)  
  14  0:17  Pylon  
  14  0:22  Probe (Chrono Boost)  
  15  0:35  Probe (Chrono Boost)  
  16  0:36  Gateway  
  16  0:42  Assimilator  
  16  0:45  Probe (Chrono Boost)  
  17  0:56  Probe (Chrono Boost)  
  18  1:06  Probe (Chrono Boost)  
  19  1:20  Nexus  
  19  1:31  Cybernetics Core  
  19  1:34  Probe (Chrono Boost)  
  20  1:40  Assimilator  
  20  1:45  Probe (Chrono Boost)  
  21  1:51  Pylon  
  21  1:55  Probe (Chrono Boost)  
  22  2:06  Probe (Chrono Boost)  
  22  2:07  Warp Gate  
  23  2:09  Adept (Chrono Boost)  
  25  2:18  Probe  
  26  2:24  Stargate  
  26  2:30  Probe (Chrono Boost)  
  26  2:32  Probe (Chrono Boost)  
  26  2:34  Adept  
  30  2:41  Probe (Chrono Boost)  
  30  2:43  Probe (Chrono Boost)  
  32  2:51  Probe (Chrono Boost)  
  32  2:53  Probe (Chrono Boost)  
  34  3:01  Adept  
  34  3:02  Probe (Chrono Boost)  
  34  3:03  Probe (Chrono Boost)  
  38  3:08  Pylon, Oracle (Chrono Boost)  
  41  3:13  Probe x2  
  43  3:24  Probe  
  43  3:26  Probe  
  45  3:36  Nexus  
  45  3:40  Probe, Phoenix (Chrono Boost)  
  47  3:44  Probe  
  49  3:51  Probe  
  50  3:56  Mothership Core  
  50  4:01  Pylon  
  50  4:02  Phoenix (Chrono Boost)  
  54  4:08  Gateway  
  54  4:11  Gateway  
  54  4:16  Assimilator  
  54  4:18  Assimilator  
  54  4:19  Probe x2 (Chrono Boost)  
  54  4:23  Pylon  
  56  4:30  Probe x2 (Chrono Boost)  
  58  4:33  Twilight Council  
  58  4:34  Forge  
  58  4:41  Probe x2 (Chrono Boost)  
  58  4:44  Robotics Facility  
  60  4:52  Phoenix (Chrono Boost)  
  62  4:56  Resonating Glaives, Adept  
  64  5:04  Adept  
  64  5:05  Adept  
  68  5:16  Phoenix (Chrono Boost), Adept  
  68  5:17  Probe x3  
  75  5:25  Pylon  
  75  5:29  Immortal (Chrono Boost)  
  82  5:39  Adept  
  82  5:40  Adept x2  
  85  5:44  Phoenix (Chrono Boost)  
  85  5:46  Pylon  
  87  5:59  Pylon  
  87  6:03  Immortal  
  87  6:05  Adept x3  
  97  6:16  Phoenix (Chrono Boost)  
  97  6:32  Adept x3  
  96  6:33  Probe x2  
  96  6:34  Probe  
  96  6:36  Protoss Ground Weapons Level 1  
  96  6:38  Phoenix (Chrono Boost)  
  98  6:44  Blink  
  98  6:45  Probe (Chrono Boost)  
  98  6:46  Probe (Chrono Boost)  
  97  6:54  Warp Prism (Chrono Boost)  
  97  6:58  Probe x2 (Chrono Boost)  
  97  7:00  Phoenix  
  100  7:02  Probe  
  100  7:08  Pylon  
  101  7:09  Pylon  
  101  7:11  Probe  
  101  7:12  Probe, Assimilator  
  101  7:14  Probe  
  104  7:15  Assimilator  
  104  7:22  Adept x3  
  106  7:25  Probe x2  
  106  7:26  Probe  
  109  7:30  Phoenix  
  111  7:38  Probe x3  
  114  7:48  Pylon, Immortal (Chrono Boost)  
  114  7:50  Probe x3  
  121  7:54  Robotics Bay  
  121  7:58  Forge  
  121  8:03  Probe x3  
  124  8:15  Pylon  
  124  8:17  Probe x3, Robotics Facility  
  127  8:20  Pylon  
  127  8:22  Observer (Chrono Boost)  
  128  8:30  Stalker x2  
  128  8:32  Protoss Ground Weapons Level 2  
  132  8:41  Observer (Chrono Boost)  
  129  8:50  Protoss Ground Armor Level 1  
  129  8:54  Photon Cannon  
  129  8:58  Gateway  
  129  8:59  Observer (Chrono Boost)  
  129  9:01  Gateway  
  129  9:02  Gateway  
  130  9:07  Colossus (Chrono Boost)  
  134  9:19  Probe  
  134  9:24  Colossus (Chrono Boost)  
  133  9:25  Photon Cannon, Sentry x3  
  139  9:31  Pylon  
  139  9:32  Probe x2  
  139  9:33  Probe  
  139  9:38  Pylon  
  140  9:45  Pylon  
  140  9:51  Stalker x3  
  146  9:55  Colossus (Chrono Boost), Nexus  
  152  10:00  Pylon  
  152  10:02  Photon Cannon  
  152  10:04  Pylon  
  152  10:10  Charge  
  152  10:20  Zealot x2  
  152  10:21  Zealot, Sentry, Colossus (Chrono Boost)  
  166  10:42  Immortal (Chrono Boost)  
  164  10:44  Probe x3  
  164  10:45  Stalker x5  
  164  10:46  Stalker  
  164  10:48  Protoss Ground Armor Level 2 (Chrono Boost)  
  175  10:53  Protoss Ground Weapons Level 3 (Chrono Boost)  
  175  11:01  Gateway  
  175  11:03  Gateway  
  175  11:11  Zealot x3  
  175  11:17  Immortal  
  152  11:48  Zealot x6, Dark Shrine  
  152  11:53  Extended Thermal Lance  
  152  11:55  Disruptor (Chrono Boost)  
  152  11:57  Disruptor (Chrono Boost)  
  156  12:09  Stalker x6  
  168  12:16  Pylon  
  168  12:23  Assimilator  
  168  12:24  Assimilator  
  168  12:28  Disruptor (Chrono Boost)  
  173  12:30  Disruptor (Chrono Boost)  
  173  12:38  Zealot x4, Sentry  
  173  12:42  Zealot  
  173  12:43  Zealot  
  185  12:44  Zealot  
  187  12:52  Pylon  
  187  12:57  Pylon  
  185  13:01  Dark Templar x5  
  195  13:08  Archon  
  195  13:09  Zealot x2, Archon  
  129  13:35  Stalker x8  
  116  13:42  Colossus (Chrono Boost)  
  100  13:56  Colossus (Chrono Boost)  
  100  13:59  Zealot x2  
  100  14:01  Probe x3  
  107  14:03  Sentry  
  107  14:04  Zealot x4, Sentry  
  119  14:17  Nexus  
  119  14:24  Dark Templar  
  119  14:27  Dark Templar  
  119  14:34  Colossus (Chrono Boost)  
  123  14:42  Colossus (Chrono Boost)  
  123  14:45  Assimilator  
  129  14:50  Zealot, Sentry, Assimilator  
  133  14:54  Pylon  
  133  14:58  Stalker x3  
  133  15:15  Stalker x4  
  139  15:34  Stalker x4  
  141  15:41  Stalker x3  
  131  15:50  Pylon, Colossus (Chrono Boost)  
  123  15:57  Pylon  
  123  16:05  Sentry  
  123  16:06  Zealot x3, Sentry  
  123  16:10  Dark Templar  
  129  16:15  Sentry  
  129  16:16  Pylon  
  131  16:18  Protoss Ground Armor Level 3 (Chrono Boost)  
  131  16:22  Pylon  
  131  16:26  Colossus  
  137  16:42  Dark Templar  
  137  16:44  Pylon  
  135  16:55  Dark Templar x3  
  135  16:56  Zealot  
  135  16:57  Zealot x3  
  132  17:15  Stalker  
  132  17:19  Phoenix  
  132  17:20  Stalker x2, Warp Prism  
  138  17:30  Protoss Shields Level 1 (Chrono Boost)  
  138  17:31  Pylon  
  138  17:42  Zealot x3, Dark Templar x2  
  148  17:46  Archon  
  148  17:50  Zealot x3  
  154  17:54  Immortal (Chrono Boost)  
  158  18:07  Immortal (Chrono Boost)  
  160  18:13  Zealot x2  
  164  18:20  Dark Templar x4  
  164  18:22  Zealot  
  164  18:23  Zealot  
  164  18:24  Archon x2  
  172  18:38  Dark Templar x2  
  163  18:55  Disruptor (Chrono Boost)  
  163  18:56  Disruptor (Chrono Boost)  
  161  19:04  Zealot x3  
  161  19:05  Zealot x3  
  173  19:12  Archon  
  173  19:20  Stalker  
  173  19:21  Stalker  
  173  19:26  Disruptor (Chrono Boost)  
  173  19:27  Disruptor (Chrono Boost)  
  173  19:28  Zealot x6  
  179  19:42  Nexus  
  163  19:49  Stalker x5  
  163  19:50  Zealot x2  
  169  19:58  Stalker  
  121  20:15  Zealot x3  
  119  20:23  Templar Archives  
  93  20:39  Dark Templar  
Show
View Real Time Build Order
Export as new Build Order

TYTY Terran - Winner!

Build Orders: MMM Bio 

Get SALT Encoding   

  12  0:00  SCV  
  13  0:12  SCV  
  14  0:17  Supply Depot  
  14  0:24  SCV  
  15  0:38  SCV  
  15  0:39  Barracks  
  16  0:45  Refinery  
  16  0:50  SCV  
  17  1:03  SCV  
  18  1:15  SCV  
  19  1:26  Marine  
  19  1:27  Orbital Command  
  20  1:44  Command Center  
  20  1:47  Barracks Reactor  
  20  1:53  SCV  
  21  2:04  Factory  
  21  2:06  SCV  
  22  2:11  Supply Depot  
  22  2:18  SCV  
  23  2:33  Marine x2, SCV  
  26  2:44  Refinery  
  26  2:45  SCV  
  26  2:50  Marine x2, Starport  
  29  2:56  Orbital Command, Widow Mine  
  31  3:00  SCV  
  32  3:09  Marine x2  
  34  3:13  SCV  
  35  3:21  SCV  
  35  3:25  SCV, Widow Mine  
  38  3:28  Viking  
  38  3:33  SCV  
  41  3:36  Barracks  
  41  3:37  SCV  
  41  3:41  Supply Depot  
  42  3:45  SCV  
  43  3:48  Marine  
  43  3:49  Marine  
  43  3:50  SCV  
  43  3:54  Factory Tech Lab  
  46  4:00  Starport Tech Lab  
  47  4:02  SCV  
  47  4:04  Supply Depot  
  47  4:05  SCV  
  47  4:06  Marine  
  50  4:13  Supply Depot  
  50  4:14  Siege Tank  
  50  4:15  SCV  
  53  4:18  Marine  
  54  4:25  Marine  
  54  4:26  SCV  
  54  4:27  SCV  
  54  4:29  Supply Depot  
  57  4:33  Marine  
  57  4:34  Stimpack  
  57  4:37  Marine  
  57  4:38  SCV  
  60  4:40  Starport Reactor, Supply Depot  
  60  4:47  SCV  
  60  4:48  Siege Tank  
  64  4:53  Marine x2  
  64  4:54  SCV  
  64  4:59  SCV  
  68  5:03  Marine  
  68  5:04  Refinery  
  68  5:06  SCV  
  70  5:08  Engineering Bay  
  70  5:11  Marine  
  70  5:12  Barracks  
  71  5:14  Marine  
  71  5:16  SCV, Medivac  
  71  5:20  Medivac  
  77  5:21  Marine  
  77  5:24  SCV  
  80  5:28  SCV, Marine  
  80  5:29  Supply Depot  
  80  5:34  Marine  
  82  5:36  Factory Reactor  
  82  5:38  SCV, Command Center  
  83  5:47  Marine x2  
  85  5:50  Medivac  
  85  5:53  Marine, SCV x2  
  85  5:55  Terran Infantry Weapons Level 1, Supply Depot  
  90  6:00  Supply Depot  
  90  6:11  Marine x2  
  94  6:13  Marine x2  
  94  6:16  Medivac  
  94  6:18  Missile Turret  
  96  6:20  Widow Mine x2  
  96  6:23  SCV x2  
  102  6:28  Marine x2  
  102  6:31  Marine  
  96  6:37  SCV x2, Marine  
  89  6:46  Medivac  
  86  6:47  Marine x2  
  86  6:51  SCV x2  
  87  6:57  Marine x2  
  87  6:58  Widow Mine x2  
  87  7:01  Medivac  
  92  7:08  Refinery  
  92  7:10  Marine x2  
  92  7:12  Orbital Command  
  92  7:13  Barracks  
  92  7:14  Barracks  
  92  7:16  Marauder x2, SCV x2  
  96  7:32  Widow Mine  
  96  7:33  Medivac  
  96  7:35  Marine x2  
  93  7:37  Marauder x2, SCV x2  
  93  7:38  SCV  
  93  7:43  Combat Shields  
  100  7:47  Refinery  
  100  7:48  Refinery  
  100  7:49  Terran Infantry Armor Level 1, Missile Turret  
  100  7:51  Supply Depot  
  100  7:53  SCV x3  
  100  7:58  Marauder, Marine x2  
  104  7:59  Marauder  
  104  8:03  Concussive Shells  
  104  8:04  Barracks Reactor, Barracks Tech Lab  
  104  8:05  SCV x2  
  111  8:08  SCV  
  111  8:09  Supply Depot  
  111  8:12  Widow Mine x2  
  112  8:15  Supply Depot  
  112  8:16  Marine x2  
  112  8:17  SCV  
  119  8:20  Medivac  
  119  8:22  Marine x2  
  119  8:23  SCV x2, Supply Depot  
  127  8:27  Marauder  
  127  8:36  Marine x2  
  127  8:39  SCV x2, Armory  
  127  8:40  Marauder, Engineering Bay  
  127  8:46  Marine x2  
  127  8:47  Marauder  
  133  8:48  Marauder  
  133  8:51  Viking x2  
  133  8:57  Ghost Academy  
  133  9:00  Marine x2  
  135  9:06  Refinery, Missile Turret  
  133  9:11  SCV  
  133  9:12  SCV  
  132  9:22  Viking x2  
  134  9:26  Marine  
  134  9:27  Ghost x3  
  134  9:29  Marine x3  
  144  9:32  SCV x2  
  144  9:38  Command Center  
  146  9:39  Supply Depot  
  146  9:44  Marine, Terran Infantry Weapons Level 2  
  147  9:47  Marine x2  
  147  9:48  SCV x3  
  147  9:51  Missile Turret  
  152  9:54  Marine  
  152  9:57  Viking x2  
  156  10:03  Marine  
  156  10:05  Marine  
  162  10:10  Terran Infantry Armor Level 2, Marine x3, Starport  
  162  10:14  SCV x3  
  160  10:21  Terran Ship Weapons Level 1  
  160  10:25  Supply Depot  
  160  10:26  SCV x3  
  162  10:29  Viking x2  
  161  10:38  SCV x3  
  160  10:45  Missile Turret  
  160  10:51  Sensor Tower, Viking x2  
  160  10:55  Planetary Fortress  
  164  10:57  Marine x2  
  164  10:59  Marine x2  
  164  11:02  Sensor Tower  
  167  11:04  Viking  
  167  11:07  Liberator  
  167  11:08  Viking  
  173  11:12  Liberator  
  173  11:15  SCV x2  
  173  11:19  SCV  
  173  11:20  Marine, Supply Depot  
  173  11:21  Marauder x2, Marine x2, Refinery  
  183  11:30  Liberator  
  184  11:33  Liberator  
  174  11:51  SCV  
  174  11:52  Liberator  
  181  11:54  Barracks  
  181  11:55  Barracks  
  181  11:59  Marauder, Marine x2  
  181  12:00  Marauder  
  185  12:04  SCV  
  185  12:05  Refinery  
  185  12:06  Orbital Command, SCV  
  185  12:07  SCV, Marine x2  
  185  12:08  Marauder  
  195  12:17  Marine  
  196  12:24  Liberator  
  195  12:30  Marine  
  195  12:34  Liberator  
  195  12:35  Marine x3  
  194  12:56  Barracks Reactor, Barracks Tech Lab  
  195  13:03  Missile Turret  
  195  13:04  Sensor Tower  
  195  13:05  Supply Depot  
  195  13:08  Liberator  
  195  13:09  Liberator, Refinery x2  
  196  13:20  Marauder  
  196  13:27  Marine x5  
  175  13:34  Marauder x2, Marine x2  
  175  13:41  Marine  
  157  13:42  SCV x3  
  157  13:44  Marine  
  157  13:48  Marine x4  
  134  13:52  Marine x2  
  132  13:56  Marauder x2  
  132  13:58  SCV  
  132  13:59  Marauder, SCV x2  
  132  14:02  Marine  
  139  14:03  Terran Infantry Weapons Level 3  
  139  14:05  Marine x2  
  139  14:06  Marauder  
  139  14:07  Marine  
  139  14:08  Barracks, Command Center  
  139  14:10  Marine, Barracks, Viking x2  
  139  14:15  Marine  
  139  14:16  Terran Infantry Armor Level 3  
  147  14:17  Terran Ship Weapons Level 2  
  147  14:20  Marine  
  152  14:25  SCV x2  
  152  14:27  Marauder, SCV x2  
  155  14:33  Marine x2  
  155  14:34  Ghost  
  155  14:35  Marine x2, Ghost x2  
  155  14:36  Viking  
  155  14:37  Viking  
  163  14:42  Viking  
  165  14:47  Viking  
  165  14:48  Marine x2  
  165  14:49  Marauder  
  165  14:51  Marine  
  170  14:53  SCV x2  
  170  14:55  SCV  
  165  15:03  SCV  
  165  15:05  SCV x2  
  165  15:06  Liberator  
  163  15:08  Viking x2  
  163  15:10  Missile Turret  
  163  15:11  Barracks Tech Lab  
  163  15:12  Barracks Reactor  
  167  15:16  Marine  
  167  15:17  Marauder x2, Marine x3  
  167  15:18  SCV x2  
  167  15:19  SCV, Missile Turret  
  178  15:25  Marauder x2, Marine x2  
  181  15:41  Viking x2  
  160  15:54  Marauder x2, Marine  
  160  15:55  Viking  
  160  15:56  SCV  
  153  15:59  Marauder, Marine x2  
  155  16:06  Viking  
  155  16:07  Marine x4  
  155  16:09  Marine x2, Planetary Fortress  
  156  16:11  Refinery  
  156  16:12  Marine x2  
  156  16:13  Refinery  
  156  16:14  Missile Turret  
  156  16:17  Viking  
  160  16:19  Viking  
  160  16:25  Viking  
  164  16:27  Marine x3  
  164  16:29  Marauder x2, Marine x2  
  164  16:30  SCV  
  172  16:40  Viking  
  172  16:41  SCV  
  172  16:42  SCV  
  171  16:47  Viking  
  156  16:54  Viking  
  156  16:55  SCV x2, Viking  
  156  16:59  Missile Turret  
  153  17:05  SCV x2  
  153  17:06  Marauder x2, Marine x2  
  153  17:07  SCV x2  
  154  17:09  Bunker  
  154  17:14  Marine  
  154  17:15  Marine  
  159  17:21  SCV x3  
  164  17:24  Marine, Viking  
  164  17:25  Medivac  
  164  17:27  Medivac x2  
  164  17:28  Marauder, Marine x2  
  164  17:29  SCV  
  175  17:33  SCV, Ghost  
  175  17:34  Ghost x2  
  175  17:35  Marine x4  
  178  17:37  Liberator  
  178  17:38  Liberator  
  178  17:44  Missile Turret  
  178  17:50  Marine x2  
  178  17:51  Marauder x2, Marine  
  191  18:00  Liberator  
  191  18:10  Marauder x3, Marine x2  
  197  18:14  Missile Turret  
  198  18:32  Marine x2  
  198  18:33  Missile Turret  
  200  18:34  Liberator x2  
  200  18:39  Liberator  
  196  18:57  Marine  
  198  19:10  Command Center  
  198  19:19  Liberator x2  
  197  19:26  Liberator x2  
  199  19:44  Marine  
  199  19:45  Marine x2  
  197  19:56  Marauder, Marine  
  189  20:09  Marine  
  189  20:10  Marauder, Marine  
  180  20:20  Marauder x4, Marine x3  
  197  20:21  Barracks Tech Lab  
  197  20:22  Marine  
  197  20:25  Command Center  
  197  20:27  Marine x2  
  190  20:31  Marauder  
  166  20:38  Marine  
  177  20:43  Command Center  
  177  20:44  SCV  
Tags
 
Add a new tag
Caveats
  • Supply blocks, unpowered buildings, or Contaminate may cause inaccurate times.
  • Supply counts are checked every 10 seconds.